 Dungeon Crawl Stone Soup version 0.29.0-4-gdea44cf6ec (webtiles) character file.

Game seed: 16774541628156291605

107 qw the Chopper (level 4, 0/26 HPs)
             Began as a Tengu Warper on Aug 28, 2022.
             Slain by an iguana (10 damage)
             ... on level 3 of the Dungeon.
             The game lasted 00:00:18 (3679 turns).

qw the Chopper (Tengu Warper)                       Turns: 3679, Time: 00:00:18

Health: 0/26       AC: 11    Str: 13    XL:     4   Next: 86%
Magic:  8/8        EV:  3    Int: 13    God:
Gold:   139        SH:  0    Dex: 14    Spells: 7/7 levels left

rFire   . . .      SeeInvis .   Y - +0 hand axe
rCold   . . .      Faith    .   (no shield)
rNeg    . . .      Spirit   .   f - +0 plate armour
rPois   .          Reflect  .   (helmet restricted)
rElec   .          Harm     .   (no cloak)
rCorr   .          Rampage  .   (no gloves)
Will    .....                   (boots unavailable)
Stlth   ..........              (no amulet)
HPRegen 0.08/turn               (no ring)
MPRegen 0.11/turn               (no ring)

@: no status effects
A: beak, talons 3
a: no special abilities


You were on level 3 of the Dungeon.
You visited 1 branch of the dungeon, and saw 3 of its levels.

You collected 139 gold pieces.


Innate Abilities, Weirdness & Mutations

You have a beak for a mouth.
You have claws for feet.


   Skills:
 - Level 2.0 Fighting
 + Level 4.9 Axes
 - Level 1.0 Throwing
 - Level 2.2 Armour
 - Level 2.1 Dodging
 - Level 2.0 Spellcasting
 - Level 2.4 Translocations


You had 7 spell levels left.
You didn't know any spells.
Your spell library contained the following spells:

 Spells                   Type           Power      Damage    Failure   Level
 Blink                    Tloc           14%        N/A       100%        2
 Gell's Gravitas          Tloc           7%         N/A       100%        3
 Lesser Beckoning         Tloc           7%         N/A       100%        3
 Teleport Other           Tloc           7%         N/A       100%        3
 Manifold Assault         Tloc           7%         N/A       100%        5

Inventory:

Hand Weapons
 j - a +0 whip
 Y - a +0 hand axe (weapon)
Armour
 f - a +0 plate armour (worn)
Scrolls
 a - a scroll of silence {unknown}
 i - a scroll of identify
Potions
 b - a potion of curing {unknown}
 d - a potion of attraction {unknown}
 g - a potion of might {unknown}

Dungeon Overview and Level Annotations

Branches:
Dungeon (3/15)

Altars:
Vehumet


Message History

The kobold throws a stone.
The stone hits you but does no damage.
You closely miss the rat. Your kick misses the rat. The rat barely misses you.
The teleport trap disappears.
The orc disappears!
You barely miss the rat. The rat bites you but does no damage.
You hit the rat.
The rat is heavily wounded.
The rat bites you but does no damage.
You hit the rat.
You kill the rat!
The kobold throws a stone.
The stone barely misses you.
You hit the dart slug.
The dart slug is heavily wounded.
The dart slug bites you but does no damage.
You hit the dart slug. You claw the dart slug.
You kill the dart slug!
The kobold throws a stone.
The stone barely misses you.
You hit the iguana. You claw the iguana.
The iguana is moderately wounded.
The iguana bites you.
You hit the iguana but do no damage. You claw the iguana, but do no damage.
The iguana is moderately wounded.
The iguana bites you.
The iguana bites you but does no damage.
You barely miss the iguana.
The iguana is moderately wounded.
The iguana bites you but does no damage.
You hit the iguana. You claw the iguana, but do no damage.
The iguana is heavily wounded.
The iguana bites you!
You hit the iguana. You claw the iguana, but do no damage.
The iguana is heavily wounded.
The iguana bites you but does no damage.
You hit the iguana. Your peck misses the iguana.
The iguana is heavily wounded.
The iguana bites you but does no damage.
You hit the iguana but do no damage. You claw the iguana, but do no damage.
The iguana is heavily wounded.
The iguana bites you!
You die...

<...............#
.#+#....######.# ##...#
#.# #...# #.# #.. ##..#
#.## #... #.## #..# ....
#..# ##.# .#.# #######.#
#.# ##.#.# ......#@# ##.#
#..#.# .....Kl.# #..#
#.##.# ......#.# #.##
.##.##.#########.# #.#
...%<...).....#..# #.#
###)###.#.....#..######.#
###.##..#######.........#
.........#...#...########
...%##...##)##.#.#


You could see an iguana and a kobold.

Vanquished Creatures
  2 adders (D:2)
  A gnoll (D:2)
  2 worms (D:2)
  2 dart slugs
  7 endoplasms
  A giant cockroach (D:1)
  6 goblins
  3 hobgoblins
  7 jackals
  8 kobolds
  5 quokkas
  5 ball pythons
  9 bats
  6 rats
64 creatures vanquished.

Vanquished Creatures (others)
  4 plants (D:1)
4 creatures vanquished.

Grand Total: 68 creatures vanquished

Notes
Turn   | Place    | Note
-------+----------+-------------------------------------------
     0 | D:1      | qw the Tengu Warper began the quest for the Orb.
     0 | D:1      | Reached XP level 1. HP: 12/12 MP: 4/4
     0 | D:1      | 0 ||| qw: Version: 0.1-a-89-g26bdef1
     0 | D:1      | 0 ||| qw: Game counter: 379
     0 | D:1      | 0 ||| qw: Always use a shield: true
     0 | D:1      | 0 ||| qw: God list: Okawaru
     0 | D:1      | 0 ||| qw: Allow faded altars: false
     0 | D:1      | 0 ||| qw: Do Orc after D:15 true
     0 | D:1      | 0 ||| qw: Do second Lair branch before Depths: true
     0 | D:1      | 0 ||| qw: Lair rune preference: random
     0 | D:1      | 0 ||| qw: Plans: Normal
     0 | D:1      | 0 ||| PLANNING D:1-11
   503 | D:1      | Reached skill level 3 in Axes
   503 | D:1      | Reached XP level 2. HP: 13/17 MP: 6/6
  1019 | D:1      | 1019 ||| Stepping ~*~*~tactically~*~*~ (hiding).
  1302 | D:1      | Reached XP level 3. HP: 18/21 MP: 7/7
  1362 | D:1      | Found a faded altar of an unknown god.
  1730 | D:1      | 1730 ||| UPGRADING to +0 ring mail.
  1740 | D:1      | 1740 ||| DROPPING +0 leather armour.
  1741 | D:1      | 1741 ||| UPGRADING to +0 plate armour.
  1751 | D:1      | 1751 ||| DROPPING +0 ring mail.
  1752 | D:1      | 1752 ||| READING scroll labelled ZOZUL RINALAOD.
  1876 | D:1      | 1876 ||| READING 2 scrolls labelled PUHOWAKOIZ.
  1877 | D:1      | 1877 ||| READING scroll labelled DEISOI CORRODUF.
  1878 | D:1      | 1878 ||| READING scroll labelled QULIZUAWETT.
  1879 | D:1      | 1879 ||| DROPPING scroll of blinking.
  1914 | D:2      | Found a radiant altar of Vehumet.
  2091 | D:2      | 2091 ||| Stepping ~*~*~tactically~*~*~ (stealth).
  2118 | D:2      | 2118 ||| Stepping ~*~*~tactically~*~*~ (stealth).
  2121 | D:2      | Reached skill level 4 in Axes
  2267 | D:2      | 2267 ||| Stepping ~*~*~tactically~*~*~ (stealth).
  2877 | D:2      | 2877 ||| Stepping ~*~*~tactically~*~*~ (stealth).
  3054 | D:2      | Reached XP level 4. HP: 23/26 MP: 8/8
  3278 | D:2      | 3278 ||| Stepping ~*~*~tactically~*~*~ (stealth).
  3337 | D:2      | 3337 ||| READING scroll labelled ACKOIS XINGENOJO.
  3338 | D:2      | 3338 ||| READING scroll labelled DAXZUTTUBRU.
  3360 | D:3      | 3360 ||| STAIRDANCE
  3435 | D:3      | 3435 ||| FLEEEEING.
  3436 | D:3      | 3436 ||| FLEEEEING.
  3438 | D:3      | 3438 ||| STAIRDANCE
  3664 | D:3      | 3664 ||| Stepping ~*~*~tactically~*~*~ (hiding).
  3679 | D:3      | Slain by an iguana

Levels and vault maps discovered:
D:1:      denvon_arrival_planthouse, layout_loops_corners,
          dreamdust_ecumenical_altar_hidden_monk_grotto
D:2:      layout_basic, basic_altar, palyth_stone_intersect, st_stairs_13,
          hex_tiny, minmay_joined_circles
D:3:      layout_loops_cross, minmay_divided_ellipse, uniq_robin

Skill      XL: |  1  2  3 |
---------------+----------+-----
Axes           | 3 4 |  4.9
Armour         | 2 |  2.2
Fighting       | |  2.0
Throwing       | |  1.0
Dodging        | |  2.1
Spellcasting   | |  2.0
Translocations | |  2.4

Action                   |  1- 3 |  4- 6 || total
-------------------------+-------+-------++-------
Melee: Hand axe          |    90 |    75 ||   165
       Kick              |    27 |    23 ||    50
       Peck              |     7 |     9 ||    16
       Punch             |     1 |       ||     1
Throw: Boomerang         |     7 |       ||     7
  Use: Scroll            |     4 |     2 ||     6
Armor: Leather armour    |     8 |       ||     8
       Plate armour      |    43 |    48 ||    91
Dodge: Dodged            |    21 |    17 ||    38

Table legend:
 A = Non-vault XP
 B = Vault XP
 C = Vault XP percentage of total XP
 D = Non-vault monster count
 E = Vault monster count
 F = Vault count percentage of total count
                 A         B        C        D         E       F
            +---------+---------+-------+---------+---------+-------
      Total |      73 |      81 |  52.6 |      41 |      23 |  35.9
            +---------+---------+-------+---------+---------+-------
        D:1 |      35 |       0 |   0.0 |      19 |       0 |   0.0
        D:2 |      19 |      68 |  78.2 |      12 |      17 |  58.6
        D:3 |      19 |      13 |  40.6 |      10 |       6 |  37.5
            +---------+---------+-------+---------+---------+-------
